 Dungeon Crawl Stone Soup version 0.24.1 (webtiles) character file.

Game seed: 6028651229382237722, levelgen mode: deterministic

196 Destapler the Skirmisher (level 5, 0/42 HPs)
             Began as a Demonspawn Abyssal Knight on Apr 1, 2020.
             Was a Believer of Lugonu.
             Succumbed to a worker ant's poison
             ... on level 4 of the Dungeon.
             The game lasted 00:10:11 (2649 turns).

Destapler the Skirmisher (DsAK)                     Turns: 2649, Time: 00:10:12

Health: 0/42       AC:  8    Str: 12    XL:     5   Next: 45%
Magic:  3/7        EV:  6    Int: 14    God:    Lugonu [**....]
Gold:   115        SH:  0    Dex: 13    Spells: 4/4 levels left

rFire    . . .     SeeInvis .   a - +1 falchion
rCold    . . .     Gourm    .   (no shield)
rNeg     . . .     Faith    .   o - +0 chain mail
rPois    .         Spirit   +   (helmet restricted)
rElec    .         Reflect  .   (no cloak)
rCorr    .         Harm     .   (no gloves)
MR       .....                  (no boots)
Stlth    ..........             (no amulet)
HPRegen  0.14/turn              (no ring)
MPRegen  0.10/turn              (no ring)

@: lethally poisoned (0 -> -16), hasted, very quick
A: antennae 1, powered by pain 2, magic shield
a: Depart the Abyss, Bend Space, Renounce Religion


You were on level 4 of the Dungeon.
You worshipped Lugonu.
Lugonu was pleased with you.
You were not hungry.

You visited 1 branch of the dungeon, and saw 4 of its levels.
You visited the Abyss 1 time.

You collected 115 gold pieces.

Inventory:

Hand Weapons
 a - a +1 falchion (weapon)
 b - a +0 dagger
Missiles
 n - 2 boomerangs (quivered)
Armour
 o - a +0 chain mail (worn)
Scrolls
 e - 2 scrolls of remove curse {unknown}
 f - 4 scrolls of teleportation {unknown}
 h - 4 scrolls of enchant weapon {unknown}
 i - a scroll of fog {unknown}
 k - a scroll of enchant armour {unknown}
 m - 4 scrolls of identify {unknown}
Potions
 j - a potion of flight
Comestibles
 c - 7 rations
 p - 8 chunks of flesh


   Skills:
 + Level 4.0 Fighting
 + Level 3.0 Long Blades
 - Level 2.0 Armour
 - Level 2.0 Dodging
 + Level 2.2 Stealth
 - Level 3.0 Invocations


You had 4 spell levels left.
You didn't know any spells.
Your spell library was empty.

Dungeon Overview and Level Annotations

Branches:
Dungeon (4/15)
 Temple: D:4-7

Altars:
Gozag
Zin


Innate Abilities, Weirdness & Mutations

You have a pair of small antennae on your head.
You sometimes gain power by taking damage.
When hurt, damage is shared between your health and your magic reserves.


Message History

It was a potion of invisibility.
You fade into invisibility!
* * * LOW HITPOINT WARNING * * *
You feel sick. The worker ant bites you.
* * * LOW HITPOINT WARNING * * *
The worker ant barely misses you.
You riposte.
You hit the worker ant but do no damage.
The worker ant is almost dead.
You are very lightly contaminated with residual magic.
It was a potion of cancellation.
Your magical effects are unravelling.
You feel magically purged.
Your magical contamination has completely faded away.
You float gracefully downwards.
You flicker back into view.
* * * LOW HITPOINT WARNING * * *
You feel sick.
The worker ant bites you but does no damage.
It was a potion of haste.
You feel yourself speed up.
You die...

########## #........#
#........#
#........##
#.......... #
##........##
##.#######.........[)
#..a@.(............#[
#..########........#.
.... #........## ....
########### ... ##
######## .......<
.#......


You could see a worker ant.

Vanquished Creatures
  An orc priest (D:4)
  An orc wizard (D:3)
  3 adders
  2 worms (D:3)
  3 dart slugs
  A leopard gecko (D:4)
  18 orcs
  3 giant cockroaches
  4 hobgoblins
  10 jackals
  5 kobolds
  A ball python (D:3)
  5 bats
  6 frilled lizards
  10 goblins
  7 rats
80 creatures vanquished.

Notes
Turn   | Place    | Note
-------+----------+-------------------------------------------
     0 | Abyss:1  | Destapler the Demonspawn Abyssal Knight began the quest for
                  | the Orb.
     0 | Abyss:1  | Reached XP level 1. HP: 18/18 MP: 2/2
    15 | Abyss:1  | Noticed a large abomination
    21 | Abyss:1  | Found a corrupted altar of Lugonu.
    24 | D:1      | Escaped the Abyss
    36 | D:1      | Reached skill level 1 in Dodging
   188 | D:1      | Gained mutation: You have a pair of small antennae on your
                  | head. [demonic ancestry]
   188 | D:1      | Reached XP level 2. HP: 19/24 MP: 4/4
   966 | D:2      | Gained mutation: You sometimes gain a little power by
                  | taking damage. [demonic ancestry]
   966 | D:2      | Reached XP level 3. HP: 22/29 MP: 5/5
  1018 | D:2      | Reached ** piety under Lugonu
  1121 | D:1      | Reached skill level 1 in Stealth
  1552 | D:2      | Found an opulent altar of Gozag.
  1552 | D:2      | Found a glowing silver altar of Zin.
  1801 | D:3      | Gained mutation: When hurt, damage is shared between your
                  | health and your magic reserves. [demonic ancestry]
  1801 | D:3      | Reached XP level 4. HP: 23/35 MP: 6/6
  2049 | D:3      | Gained mutation: You sometimes gain power by taking damage.
                  | [demonic ancestry]
  2049 | D:3      | Reached XP level 5. HP: 41/42 MP: 7/7
  2410 | D:4      | Reached skill level 4 in Fighting
  2647 | D:4      | HP: 2/42 [worker ant (2)]
  2649 | D:4      | Succumbed to a worker ant's poison

Levels and vault maps discovered:
D:1:      dpeg_arrival_ternary, layout_loops_ring
D:2:      layout_rooms, grunt_temple_overflow_gold_and_silver
D:3:      layout_basic, first_ration
D:4:      layout_rooms, minmay_temple_entry_statues_pillars, serial_undead,
          serial_undead_d, serial_undead_c, serial_undead_d, serial_undead_d,
          kennysheep_slug_shrine

Skill      XL: |  1  2  3  4  5 |
---------------+----------------+-----
Dodging        | 1 2 |  2.0
Long Blades    | 2 3 |  3.0
Armour         | 2 |  2.0
Invocations    | 3 |  3.0
Stealth        | 1 2 |  2.2
Fighting       | 4 |  4.0

Action                   |  1- 3 |  4- 6 || total
-------------------------+-------+-------++-------
Melee: Falchion          |   142 |   172 ||   314
  Use: Potion            |       |     4 ||     4
  Eat: Chunk             |     3 |     3 ||     6
Armor: Leather armour    |     5 |       ||     5
       Ring mail         |    53 |     3 ||    56
       Chain mail        |       |   129 ||   129
Dodge: Dodged            |   106 |    47 ||   153
       Rpst.: Falchion   |    31 |    13 ||    44
